 Dungeon Crawl Stone Soup version 0.28-a0-796-gd4f0d3f9b2 (webtiles) character file.

Game seed: 4945297200821603676

512 Berzilk the Vexing (level 6, -1/42 HPs)
             Began as a Spriggan Enchanter on Nov 6, 2021.
             Slain by an orc (3 damage)
             ... on level 4 of the Dungeon.
             The game lasted 00:11:52 (6202 turns).

Berzilk the Vexing (Spriggan Enchanter)             Turns: 6202, Time: 00:11:53

Health: -1/42      AC:  2    Str:  6    XL:     6   Next: 99%
Magic:  16/16      EV: 17    Int: 17    God:
Gold:   155        SH:  0    Dex: 15    Spells: 9/17 levels left

rFire   . . .      SeeInvis +   a - +2 dagger
rCold   . . .      Faith    .   (shield restricted)
rNeg    . . .      Spirit   .   b - +0 robe
rPois   .          Reflect  .   (helmet restricted)
rElec   .          Harm     .   (no cloak)
rCorr   .          Rampage  .   (gloves unavailable)
Will    +....                   (boots unavailable)
Stlth   ..........              h - amulet of magic regeneration
HPRegen 0.14/turn               (no ring)
MPRegen 0.40/turn               (no ring)

@: mighty, berserking (expiring), very quick
A: very small, no large weapons, unfitting armour, see invisible, speed 3
a: no special abilities


You were on level 4 of the Dungeon.
You visited 1 branch of the dungeon, and saw 4 of its levels.
You also visited: Sewer.

You collected 155 gold pieces.

Inventory:

Hand Weapons
 a - a +2 dagger (weapon)
Missiles
 l - 19 poisoned darts (quivered)
Armour
 b - a +0 robe (worn)
Jewellery
 h - an amulet of magic regeneration (around neck)
Wands
 e - a wand of acid (6)
 m - a wand of flame (19)
Scrolls
 d - 2 scrolls of immolation
 f - 3 scrolls of fog
Potions
 c - 2 potions of invisibility
 j - a potion of might


   Skills:
 - Level 1.1 Short Blades
 - Level 2.6 Dodging
 + Level 6.5 Stealth
 + Level 6.2 Spellcasting
 + Level 6.7 Hexes


You had 9 spell levels left.
You knew the following spells:

 Your Spells              Type           Power      Damage    Failure   Level
a - Ensorcelled Hibernat  Hex/Ice        32%        N/A       4%          2
b - Tukima's Dance        Hex            28%        N/A       2%          3
c - Dazzling Flash        Conj/Hex       32%        N/A       10%         3

Your spell library contained the following spells:

 Spells                   Type           Power      Damage    Failure   Level
 Confusing Touch          Hex            28%        N/A       2%          3
 Olgreb's Toxic Radiance  Pois           5%         N/A       77%         4
 Ozocubu's Refrigeration  Ice            2%         4d5       100%        7
 Ignition                 Fire           2%         3d3       100%        8


Dungeon Overview and Level Annotations

Branches:
Dungeon (4/15)              Sewer (visited)
 Temple: D:4-7

Altars:
Fedhas
Gozag


Innate Abilities, Weirdness & Mutations

You are very small and have problems with some larger weapons.
You are too small for most types of armour.
You have supernaturally acute eyesight. (SInv)
You cover ground extremely quickly. (Speed+++)


Message History

* * * LOW HITPOINT WARNING * * *
The orc wizard barely misses you.
It was a potion of magic.
Magic courses through your body. The orc barely misses you.
The orc priest looks encouraged for a moment.
The orc wizard hits you with a +0 dagger.
* * * LOW HITPOINT WARNING * * *
Unknown command.
It was a potion of curing.
You feel better. The orc closely misses you. The orc priest closely misses you.
The orc wizard hits you with a +0 dagger.
* * * LOW HITPOINT WARNING * * *
Unknown command.
A red film seems to cover your vision as you go berserk!
You feel yourself moving faster!
You feel mighty! The orc closely misses you.
The orc priest invokes the aid of Beogh against you.
You resist with significant effort.
The orc wizard hits you but does no damage.
You hit the orc priest.
The orc priest is moderately wounded.
The orc misses you. The orc priest misses you.
You completely miss the orc priest.
The orc priest is moderately wounded.
The orc wizard barely misses you. The orc hits you with a +0 hand axe.
* * * LOW HITPOINT WARNING * * *
The orc priest closely misses you.
You puncture the orc priest!
The orc priest is almost dead.
The orc wizard misses you.
You closely miss the orc priest.
The orc priest is almost dead.
The orc hits you with a +0 hand axe.
* * * LOW HITPOINT WARNING * * *
The orc priest barely misses you.
Unknown command.
You puncture the orc priest!
You kill the orc priest!
The orc wizard casts a spell at you. You resist with almost no effort.
The orc hits you with a +0 hand axe.
You die...

#.#.........##
*#'##........#
**#§§≈#.#.....##
*,+≈§≈+.####.## *,#≈≈≈###
#..# *.##+###* ##.#
*.......### #.##
**.......(.###..#
*,......)@...##.##
**,......oo....#..##
*,,........).......## #
**,,..............#..### #
*,,,..............##...## #
*,,,.............####...####
*,,,.....[...#..## ###...##
**,,........#...#*** ##...#
****......#...##,,** ##...


You could see an orc wizard (invisible) and an orc.

Vanquished Creatures
  An ogre (D:2)
  A scorpion (D:4)
  A centaur zombie (D:3)
  A hound (D:3)
  2 orc priests (D:4)
  A gnoll shaman (D:4)
  7 gnolls
  4 adders
  5 river rats (Sewer)
  A worm (D:3)
  4 dart slugs
  2 orcs (D:3)
  8 bats
  11 endoplasms
  2 giant cockroaches
  2 goblins (D:3)
  4 hobgoblins
  6 kobolds
  2 quokkas
  11 ball pythons
  11 frilled lizards
  9 rats
96 creatures vanquished.

Vanquished Creatures (collateral kills)
  2 orcs (D:3)
  An endoplasm (D:4)
3 creatures vanquished.

Vanquished Creatures (others)
  2 dancing weapons
2 creatures vanquished.

Grand Total: 101 creatures vanquished

Notes
Turn   | Place    | Note
-------+----------+-------------------------------------------
     0 | D:1      | Berzilk the Spriggan Enchanter began the quest for the Orb.
     0 | D:1      | Reached XP level 1. HP: 9/9 MP: 5/5
   110 | D:1      | Reached XP level 2. HP: 7/13 MP: 7/7
   113 | D:1      | Learned a level 2 spell: Ensorcelled Hibernation
   428 | D:1      | Found a faded altar of an unknown god.
  1585 | D:2      | Reached XP level 3. HP: 10/16 MP: 9/9
  1589 | D:2      | Learned a level 3 spell: Tukima's Dance
  1593 | D:2      | Learned a level 3 spell: Dazzling Flash
  2090 | D:2      | Noticed an ogre
  2616 | D:2      | Killed an ogre
  2617 | D:2      | Reached skill level 5 in Hexes
  2617 | D:2      | Reached XP level 4. HP: 8/21 MP: 0/11
  2617 | D:2      | Reached XP level 5. HP: 9/24 MP: 0/13
  3226 | D:3      | Reached skill level 5 in Spellcasting
  3385 | D:3      | Found a glowing drain.
  3397 | Sewer    | Entered a sewer
  3777 | Sewer    | Reached skill level 5 in Stealth
  4196 | D:3      | Reached XP level 6. HP: 25/28 MP: 9/15
  4707 | D:3      | Found a blossoming altar of Fedhas.
  5372 | D:3      | Found an opulent altar of Gozag.
  6201 | D:4      | HP: 2/42 [orc (5)]
  6202 | D:4      | Slain by an orc

Illustrated notes

Levels and vault maps discovered:
D:1:      minmay_arrival_plants_in_alcoves, layout_loops_cross,
          basic_ecumenical_altar
D:2:      layout_basic, solitary_fountain, hangedman_decor_growths
D:3:      minmay_inner_zag, layout_basic, lemuel_coloured_pillars_altar,
          fedhas_altar_3, cheibrodos_sewer_entry_drain
D:4:      layout_cave_pods, minmay_liquid_box, sigmund_army

Skill      XL: |  1  2  3  4  5  6 |
---------------+-------------------+-----
Spellcasting   | 3 4 5 6 |  6.2
Hexes          | 4 5 6 |  6.7
Stealth        | 5 6 |  6.5
Short Blades   | |  1.1
Dodging        | |  2.6

Action                   |  1- 3 |  4- 6 || total
-------------------------+-------+-------++-------
Melee: Dagger            |   100 |   169 ||   269
 Cast: Ensorcelled Hiber |    19 |    44 ||    63
       Tukima's Dance    |     4 |     6 ||    10
Evoke: Wand              |       |     2 ||     2
  Use: Scroll            |     6 |     4 ||    10
       Potion            |       |     6 ||     6
 Stab: Sleeping          |    21 |    30 ||    51
Armor: Robe              |    11 |    23 ||    34
Dodge: Dodged            |    86 |   187 ||   273

Table legend: (Time is in decaauts)
 A = Elapsed time spent in this place.
 B = Non-inter-level travel time spent in this place.
 C = Inter-level travel time spent in this place.
 D = Time resting spent in this place.
 E = Time spent auto-exploring this place.
 F = Levels seen in this place.
 G = Mean time per level.
                   A        B        C        D        E       F      G
               +--------+--------+--------+--------+--------+-----+--------+
         Total |   4964 |   4855 |    109 |    662 |   3257 |   5 |  992.8 |
       Dungeon |   4238 |   4129 |    109 |    529 |   2807 |   4 | 1059.5 |
         Sewer |    726 |    726 |      0 |    133 |    450 |   1 |  726.0 |
               +--------+--------+--------+--------+--------+-----+--------+

Top non-repeatable levels by time:
     D:3: 1477 daAuts
     D:1: 1341 daAuts
     D:2: 1123 daAuts
   Sewer: 726 daAuts
     D:4: 295 daAuts
